 Dungeon Crawl Stone Soup version 0.18-a0-1203-gbde16db (webtiles) character file.

1490 Duffy the Carver (level 8, -3/69 HPs)
             Began as a Minotaur Fighter on Feb 1, 2016.
             Was an Initiate of Cheibriados.
             Slain by an ogre
             ... wielding a cursed -1 giant spiked club
              (19 damage)
             ... on level 6 of the Dungeon.
             The game lasted 00:04:03 (4485 turns).

Duffy the Carver (Minotaur Fighter)                 Turns: 4485, Time: 00:04:03

Health: -3/69      AC:  9    Str: 24    XL:     8   Next: 51%
Magic:  7/7        EV:  8    Int:  9    God:    Cheibriados [......]
Gold:   219        SH:  0    Dex: 11    Spells: 0 memorised, 7 levels left

rFire  . . .     SeeInvis .     w - +0 great sword
rCold  . . .     Gourm    .     o - +0 chain mail
rNeg   . . .     Faith    .     (shield currently unavailable)
rPois  .         Spirit   .     (helmet restricted)
rElec  .         Dismiss  .     (no cloak)
rCorr  .         Reflect  .     (no gloves)
SustAt .         Harm     .     (no boots)
MR     .....                    n - amulet of magic regeneration
Stlth  ..........               y - +3 ring of intelligence
                                g - ring of stealth

@: very slow, not resistant to hostile enchantments, extremely unstealthy
A: retaliatory headbutt, horns 2
a: Bend Time, Renounce Religion


You were on level 6 of the Dungeon.
You worshipped Cheibriados.
Cheibriados was noncommittal.
You were not hungry.

You visited 1 branch of the dungeon, and saw 6 of its levels.

You collected 219 gold pieces.


Innate Abilities, Weirdness & Mutations

You reflexively headbutt those who attack you in melee.
You have a pair of horns on your head.


   Skills:
 + Level 5.4 Fighting
 + Level 12.0 Long Blades
 - Level 3.6 Armour
 - Level 3.6 Shields


You had 7 spell levels left.
You didn't know any spells.

Inventory:

Hand Weapons
 a - a +0 long sword
 w - a +0 great sword (weapon)
Armour
 b - a +0 scale mail
 c - a +0 shield
 o - a +0 chain mail (worn)
Jewellery
 g - a ring of stealth (left hand)
 n - an amulet of magic regeneration (around neck)
 q - an uncursed ring of ice
 y - a +3 ring of intelligence (right hand)
Scrolls
 h - 2 scrolls of fear {unknown}
 i - 4 scrolls of remove curse {unknown}
 k - 11 scrolls of identify {unknown}
 l - a scroll of enchant armour {unknown}
 p - a scroll of recharging {unknown}
 r - 2 scrolls of random uselessness {unknown}
 s - 2 scrolls of enchant weapon {unknown}
 t - 2 scrolls of teleportation {unknown}
 v - a scroll of magic mapping {unknown}
 z - 2 scrolls of immolation {unknown}
Potions
 d - a potion of might
 e - 3 potions of resistance {unknown}
 j - 2 potions of magic {unknown}
 m - 3 potions of brilliance {unknown}
 u - 2 potions of poison {unknown}
 x - a potion of flight {unknown}
 B - 3 potions of curing {unknown}
 F - 2 potions of heal wounds {unknown}
Books
 E - a book of Battle
Comestibles
 f - 4 bread rations
 A - a beef jerky
 C - 3 fruits
 D - a slice of pizza
 G - a chunk of flesh

Dungeon Overview and Level Annotations

Branches:
Dungeon (6/15)
 Temple: D:4-7

Altars:
Cheibriados
Dithmenos
Elyvilon
Kikubaaqudgha
Ru
Trog
Xom
Yredelemnul
Zin
The Shining One


Message History

You slice the wyvern zombie!!
You headbutt the wyvern zombie, but do no damage.
The wyvern zombie barely misses you. The wyvern zombie bites you.
You completely miss the wyvern zombie. You headbutt the wyvern zombie!
The wyvern zombie barely misses you.
You slash the wyvern zombie!
You destroy the wyvern zombie!
Cheibriados appreciates the change of pace.
Your Long Blades skill increases to level 12!
No target in view!
No target in view!
No target in view!
No target in view!
No target in view!
No target in view!
No target in view!
No target in view!
No target in view!
No target in view!
No target in view!
No target in view!
No target in view!
No target in view!
No target in view!
No target in view!
An ogre comes into view. It is wielding a giant spiked club.
You swing at nothing.
You barely miss the ogre.
The ogre hits you with a giant spiked club!
Your chain mail prevents you from hitting the ogre.
The ogre hits you with a giant spiked club!
You slice the ogre!!
The ogre is severely wounded.
The ogre hits you with a giant spiked club!!
You die...

.#.## ## ....# #....
.... .....# ... #
###.#.###.. .#.
#.........###...
......O......#
#..#.##@.$..#
#%.#.##.....##
#..#.##......# .
####..#.##..#.#.# ..
#........(..?.....
...####[##.#####..#.#.##
......................#
.............####.#...#
............... .....?#


You could see an ogre.

Action                   |  1- 3 |  4- 6 |  7- 9 || total
-------------------------+-------+-------+-------++-------
Melee: Long sword        |   131 |    84 |       ||   215
       Great sword       |       |    46 |    73 ||   119
  Eat: Chunk             |     2 |     5 |     5 ||    12

Notes
Turn   | Place    | Note
--------------------------------------------------------------
     0 | D:1      | Duffy the Minotaur Fighter began the quest for the Orb.
     0 | D:1      | Reached XP level 1. HP: 19/19 MP: 0/0
    32 | D:1      | Reached skill level 3 in Long Blades
   117 | D:1      | Reached XP level 2. HP: 26/26 MP: 1/1
   281 | D:1      | Reached skill level 4 in Long Blades
   704 | D:1      | Reached XP level 3. HP: 31/31 MP: 2/2
   851 | D:2      | Found a sacrificial altar of Ru.
  1175 | D:2      | Reached skill level 5 in Long Blades
  1516 | D:3      | Reached XP level 4. HP: 39/39 MP: 3/3
  1685 | D:3      | Noticed DsMo's ghost (amateur DsMo)
  1697 | D:3      | Killed DsMo's ghost
  1697 | D:3      | Reached skill level 6 in Long Blades
  1697 | D:3      | Reached XP level 5. HP: 16/45 MP: 4/4
  2059 | D:3      | Reached skill level 7 in Long Blades
  2147 | D:3      | Reached XP level 6. HP: 6/51 MP: 5/5
  2478 | D:3      | Found a basalt altar of Yredelemnul.
  2798 | D:4      | Reached skill level 8 in Long Blades
  2998 | D:4      | Found a shimmering altar of Xom.
  3030 | D:4      | Noticed a slave
  3031 | D:4      | Noticed a slave
  3032 | D:4      | Noticed Pikel
  3035 | D:4      | Noticed a slave
  3041 | D:4      | Killed a slave
  3046 | D:4      | Noticed a slave
  3055 | D:4      | Killed Pikel
  3055 | D:4      | Reached skill level 10 in Long Blades
  3055 | D:4      | Reached XP level 7. HP: 34/57 MP: 6/6
  3275 | D:4      | Found a bloodstained altar of Trog.
  3276 | D:4      | Noticed a wizard
  3281 | D:4      | Killed a wizard
  3362 | D:4      | Reached skill level 11 in Long Blades
  3446 | D:5      | Entered Level 5 of the Dungeon
  3476 | D:5      | Reached XP level 8. HP: 64/64 MP: 7/7
  3555 | D:5      | Found a snail-covered altar of Cheibriados.
  3555 | D:5      | Found an ancient bone altar of Kikubaaqudgha.
  3555 | D:5      | Found a shadowy altar of Dithmenos.
  3564 | D:5      | Became a worshipper of Cheibriados the Contemplative
  3815 | D:5      | Reached skill level 4 in Fighting
  3982 | D:5      | Found a glowing silver altar of Zin.
  3982 | D:5      | Found a white marble altar of Elyvilon.
  3983 | D:5      | Found a glowing golden altar of the Shining One.
  4420 | D:6      | Reached skill level 5 in Fighting
  4424 | D:6      | Reached skill level 12 in Long Blades
  4485 | D:6      | Slain by an ogre

Vault maps used:
D:1:      evilmike_arrival_crescent, serial_forest, infiniplex_forest_split,
          infiniplex_forest_lined_2, infiniplex_forest_clump_long,
          infiniplex_forest_end_3, infiniplex_forest_lined_3,
          infiniplex_forest_clump_tiny, infiniplex_forest_lined_4_way,
          minmay_misc_feat_iff
D:2:      lemuel_coloured_pillars_altar, lexackson_kobold_supper
D:3:      lemuel_zombie_altar_yredelemnul, first_bread
D:4:      xom_teletrap_fun, trog_wizard, uniq_pikel
D:5:      good_gods_mini_temple, gammafunk_temple_overflow_claw
D:6:      serial_shops, shop

Vanquished Creatures
  Pikel
  A wizard
  A phantom
  An ice beast
  A sky beast
  A slave
  2 ogres
  The ghost of DsMo the Insei, an amateur DsMo of Ashenzari
  A wyvern zombie
  A crimson imp
  A hound
  An orc priest
  An orc wizard
  A giant frog skeleton
  An iguana
  4 worker ants
  A hound zombie
  7 adders
  A shadow imp
  An adder skeleton
  4 worms
  2 giant geckos
  6 orcs
  5 giant cockroaches
  7 goblins
  9 hobgoblins
  12 jackals
  2 quokkas
  A ball python
  4 bats
  A giant cockroach zombie
  A giant gecko skeleton
  8 giant newts
  2 gnoll zombies
  12 kobolds
  10 rats
  2 plants
118 creatures vanquished.
